 Dungeon Crawl Stone Soup version 0.28-a0-1493-g08698888e4 (webtiles) character file.

Game seed: 6328377945790251082

92 lunkers the Covert (level 4, 0/34 HPs)
             Began as a Vampire Delver on Jan 12, 2022.
             Slain by Pargi (2 damage)
             ... in a sewer.
             The game lasted 00:04:44 (733 turns).

lunkers the Covert (Vampire Delver)                  Turns: 733, Time: 00:04:45

Health: 0/34       AC:  4    Str: 11    XL:     4   Next: 35%
Magic:  4/4        EV: 12    Int: 14    God:
Gold:   39         SH:  0    Dex: 15    Spells: 3/3 levels left

rFire   . . .      SeeInvis +   a - +0 short sword
rCold   . . .      Faith    .   (no shield)
rNeg    . . .      Spirit   .   b - +0 leather armour
rPois   .          Reflect  .   (no helmet)
rElec   .          Harm     .   j - +0 cloak {rCorr}
rCorr   +          Rampage  .   (no gloves)
Will    .....                   (no boots)
Stlth   ++++......              (no amulet)
HPRegen 0.31/turn               (no ring)
MPRegen 0.09/turn               (no ring)

@: healing quickly, hasted, very quick
A: alive, fangs 3, see invisible, vampiric 2
a: Exsanguinate


You were in a sewer.
You visited 1 branch of the dungeon, and saw 4 of its levels.
You also visited: Sewer.

You collected 39 gold pieces.

Inventory:

Hand Weapons
 a - a +0 short sword (weapon)
Armour
 b - a +0 leather armour (worn)
 j - a +0 cloak of preservation (worn)
Magical Staves
 o - a staff of cold
Wands
 g - a wand of digging (3)
Scrolls
 c - 2 scrolls of fog
 d - a scroll of magic mapping
 e - a scroll of fear
 h - 2 scrolls of amnesia {unknown}
 i - a scroll of enchant armour {unknown}
 k - a scroll of identify {unknown}
 l - a scroll of immolation {unknown}
 n - a scroll of teleportation {unknown}
Potions
 m - a potion of degeneration {unknown}
 p - a potion of invisibility {unknown}
 q - a potion of brilliance {unknown}


   Skills:
 - Level 2.6 Fighting
 + Level 3.0 Short Blades
 - Level 2.1 Dodging
 + Level 9.4 Stealth


You had 3 spell levels left.
You didn't know any spells.
Your spell library contained the following spells:

 Spells                   Type           Power      Damage    Failure   Level
 Animate Dead             Necr           0%         N/A       98%         4
 Haunt                    Necr/Summ      0%         N/A       100%        7
 Infestation              Necr           0%         N/A       100%        8


Dungeon Overview and Level Annotations

Branches:
Dungeon (5/15)              Sewer (1/1)
 Temple: D:4-7

Altars:
Uskayaw
Xom

Shops:
D:3 :   D:4 *([(

Annotations:
D:4 Edmund, Ijyb, Sigmund Sewer Pargi


Innate Abilities, Weirdness & Mutations

Your natural rate of healing is accelerated.
You have razor-sharp teeth.
You have supernaturally acute eyesight. (SInv)
You are afflicted with vampirism and can become a bat while bloodless.


Message History

Pargi closely misses you.
You barely miss Pargi.
Pargi is almost dead.
Pargi bites you.
* * * LOW HITPOINT WARNING * * *
Pargi closely misses you. x2
Unknown command.
You feel yourself speed up. Pargi bites you.
* * * LOW HITPOINT WARNING * * *
Pargi closely misses you. Pargi claws you.
* * * LOW HITPOINT WARNING * * *
You hit Pargi.
Pargi is almost dead.
Pargi barely misses you. x2; Pargi closely misses you.
Unknown command.
You closely miss Pargi. You bite Pargi.
Pargi is almost dead.
Pargi bites you.
* * * LOW HITPOINT WARNING * * *
Pargi claws you.
* * * LOW HITPOINT WARNING * * *
Pargi misses you.
Unknown command.
Unknown command.
Unknown command.
You miss Pargi. Your bite misses Pargi.
Pargi is almost dead.
Unknown command.
Unknown command.
You completely miss Pargi.
Pargi is almost dead.
Pargi barely misses you. Pargi misses you. Pargi barely misses you.
Unknown command.
Unknown command.
You miss Pargi.
Pargi is almost dead.
Pargi bites you.
* * * LOW HITPOINT WARNING * * *
Pargi claws you.
You die...

############
#(##.##.##(#
#)##.##.##T#
#+##+##'##)##'##@#
.................#
≈≈≈≈≈≈≈.≈≈≈≈≈≈≈≈≈#≈≈≈≈≈≈
≈≈≈≈≈≈≈∩≈≈≈≈≈≈≈≈≈#≈≈≈≈≈≈
≈≈≈≈≈≈≈.≈≈≈≈≈≈≈≈≈#≈≈≈≈≈≈
.................#######
#+##+##.##+##+##+# #.#
#∩#


You could see Pargi.

Vanquished Creatures
  A hound (D:4)
  4 adders
  An orc (D:3)
  3 endoplasms
  5 giant cockroaches (D:3)
  A hobgoblin (D:3)
  2 kobolds (Sewer)
  4 quokkas (D:3)
  2 ball pythons (D:3)
  A frilled lizard (D:3)
  A rat (D:3)
25 creatures vanquished.

Notes
Turn   | Place    | Note
-------+----------+-------------------------------------------
     0 | D:5      | lunkers the Vampire Delver began the quest for the Orb.
     0 | D:5      | Reached XP level 1. HP: 17/17 MP: 1/1
     8 | D:4      | Found Zoham's Weapon Shoppe.
    15 | D:4      | Reached XP level 2. HP: 23/23 MP: 2/2
    21 | D:4      | Found a shimmering altar of Xom.
    24 | D:4      | Found a shimmering altar of Xom.
    25 | D:4      | Found a shimmering altar of Xom.
    26 | D:4      | Found a shimmering altar of Xom.
    43 | D:4      | Reached skill level 8 in Stealth
    65 | D:4      | Noticed Sigmund
    87 | D:4      | Gained mutation: You are afflicted with vampirism and can
                  | become a bat while bloodless. [Vampire growth]
    87 | D:4      | Reached XP level 3. HP: 10/28 MP: 3/3
   180 | D:4      | Noticed an ogre
   220 | D:4      | Found Pimadedoqu's Armour Boutique.
   239 | D:4      | Found Disofig's Antique Weapon Shoppe.
   240 | D:4      | Noticed Edmund
   241 | D:4      | Noticed Ijyb
   245 | D:4      | Found Paki's Assorted Antiques.
   264 | D:3      | Reached skill level 9 in Stealth
   278 | D:3      | Found a hide-covered altar of Uskayaw.
   283 | D:3      | Found Ryrchuer's Book Shop.
   505 | D:3      | Reached XP level 4. HP: 32/34 MP: 4/4
   584 | D:3      | Found a glowing drain.
   654 | Sewer    | Entered a sewer
   720 | Sewer    | Noticed Pargi
   733 | Sewer    | Slain by Pargi

Illustrated notes

Levels and vault maps discovered:
D:2:      layout_basic
D:3:      layout_rooms, lemuel_round_altar,
          mainiacjoe_overflow_concentric_impassable, gup_sewer_entry_pipe,
          serial_shops, nicolae_shop_advertising_works
          [nicolae_subvault_shop_adworks]
D:4:      kennysheep_big_flooded_room, layout_rooms, xom_redecorated,
          elyvilon_altar_5, serial_shops, nicolae_shop_overgrown_old_shop, shop,
          nicolae_shop_bloodbath_and_beyond, nicolae_square_shop, shop_statue,
          minivault_14, uniq_edmund, uniq_sigmund, uniq_ijyb
D:5:      layout_cave_pods, vehumet_altar_wand_db
Sewer:    kennysheep_door_sewer

Skill      XL: |  1  2  3  4 |
---------------+-------------+-----
Stealth        | 8 9 |  9.4
Short Blades   | 3 |  3.0
Fighting       | |  2.6
Dodging        | |  2.1

Action                   |  1- 3 |  4- 6 || total
-------------------------+-------+-------++-------
Melee: Short sword       |    47 |    68 ||   115
       Bite              |     2 |     4 ||     6
  Use: Potion            |       |     1 ||     1
 Stab: Sleeping          |     8 |     3 ||    11
Armor: Leather armour    |     6 |    12 ||    18
Dodge: Dodged            |    32 |    48 ||    80

Table legend: (Time is in decaauts)
 A = Elapsed time spent in this place.
 B = Non-inter-level travel time spent in this place.
 C = Inter-level travel time spent in this place.
 D = Time resting spent in this place.
 E = Time spent auto-exploring this place.
 F = Levels seen in this place.
 G = Mean time per level.
                   A        B        C        D        E       F      G
               +--------+--------+--------+--------+--------+-----+--------+
         Total |    733 |    733 |      0 |     97 |    192 |   5 |  146.6 |
       Dungeon |    656 |    656 |      0 |     97 |    138 |   4 |  164.0 |
         Sewer |     77 |     77 |      0 |      0 |     54 |   1 |   77.0 |
               +--------+--------+--------+--------+--------+-----+--------+

Top non-repeatable levels by time:
     D:3: 388 daAuts
     D:4: 241 daAuts
   Sewer: 77 daAuts
     D:2: 18 daAuts
     D:5: 8 daAuts
